 Dungeon Crawl Stone Soup version 0.27.1-2-g3b301248ec (webtiles) character file.

Game seed: 3658724992252888016

12 Urokeeper the Sneak (level 2, 14/14 HPs)
             Began as a Spriggan Brigand on Sept 29, 2021.
             Quit the game on level 1 of the Dungeon.
             The game lasted 00:04:05 (411 turns).

Urokeeper the Sneak (Spriggan Brigand)               Turns: 411, Time: 00:04:06

Health: 14/14      AC:  3    Str:  7    XL:     2   Next: 20%
Magic:  3/3        EV: 16    Int: 12    God:
Gold:   0          SH:  0    Dex: 16    Spells: 1/1 levels left

rFire    . . .     SeeInvis +   a - +2 dagger
rCold    . . .     Faith    .   (shield restricted)
rNeg     . . .     Spirit   .   b - +0 robe
rPois    .         Reflect  .   (helmet restricted)
rElec    .         Harm     .   c - +0 cloak
rCorr    .         Rampage  .   (gloves unavailable)
Will     .....                  (boots unavailable)
Stlth    +++.......             (no amulet)
HPRegen  0.04/turn              (no ring)
MPRegen  0.08/turn              (no ring)

@: very quick
A: very small, no large weapons, unfitting armour, see invisible, speed 3
a: no special abilities


You were on level 1 of the Dungeon.
You visited 1 branch of the dungeon, and saw 1 of its levels.

Inventory:

Hand Weapons
 a - a +2 dagger (weapon)
Missiles
 d - 8 poisoned darts (quivered)
 e - 2 curare-tipped darts
Armour
 b - a +0 robe (worn)
 c - a +0 cloak (worn)
Jewellery
 f - a ring of ice


   Skills:
 + Level 1.5 Fighting
 + Level 2.1 Short Blades
 + Level 2.3 Throwing
 + Level 1.3 Dodging
 + Level 6.5 Stealth


You had one spell level left.
You didn't know any spells.
Your spell library was empty.

Dungeon Overview and Level Annotations

Branches:
Dungeon (1/15)

Altars:


Innate Abilities, Weirdness & Mutations

You are very small and have problems with some larger weapons.
You are too small for most types of armour.
You have supernaturally acute eyesight. (SInv)
You cover ground extremely quickly. (Speed+++)


Message History

You see here 17 bolts.
A bat comes into view.
You see here a ring of ice.
(D) Dungeon
Where to? (? - help)
Okay, then.
(D) Dungeon
Where to? (? - help)
Okay, then.
Unknown command.
(D) Dungeon
Where to? (? - help)
Okay, then.
Unknown command.
You see here a ring of ice.
(D) Dungeon
Where to? (? - help)
Okay, then.
Unknown command.
A hobgoblin comes into view.
Found a scroll labelled ICRUYG KUESU.
The helpless bat fails to defend itself.
You impale the bat!!
You kill the bat!
The helpless hobgoblin fails to defend itself.
You impale the hobgoblin!!
You kill the hobgoblin!
No target in view!
No target in view!
No target in view!
No target in view!
No target in view!
f - a ring of ice You don't know any spells.
You don't know any spells.
Unknown command.
You open the door.
Okay, then.
Unknown command.
Are you sure you want to abandon this character and quit the game? (Confirm with "yes".)

......†###### ............#
............# ..
............# ...
.......##...# ..# #######
#...# #.# ########...# #.#
#......'...+ #.#
#.######@..#
+###.####.#......(.######
.................>......#+##
.#+#..###.#.###............#
#.....# #.#.# #.†..........#
......# #.#.# #............#
..†...# #.#.###............#
.†....# #.#................#
.###..###.#.#.........#....#


There were no monsters in sight!

Vanquished Creatures
  A dart slug (D:1)
  A bat (D:1)
  2 endoplasms (D:1)
  A giant cockroach (D:1)
  A hobgoblin (D:1)
  A quokka (D:1)
  2 ball pythons (D:1)
9 creatures vanquished.

Notes
Turn   | Place    | Note
-------+----------+-------------------------------------------
     0 | D:1      | Urokeeper the Spriggan Brigand began the quest for the Orb.
     0 | D:1      | Reached XP level 1. HP: 10/10 MP: 2/2
    41 | D:1      | Reached skill level 6 in Stealth
   281 | D:1      | Reached XP level 2. HP: 10/14 MP: 3/3
   411 | D:1      | Quit the game

Illustrated notes

Levels and vault maps discovered:
D:1:      minmay_arrival_glassed_features, layout_basic, serial_shops, shop,
          shapermc_ecumenical_altar_mp_urbaneastern, serial_park_tiny_pond

Skill      XL: |  1 |
---------------+----+-----
Stealth        | 6 |  6.5
Fighting       | |  1.5
Short Blades   | |  2.1
Throwing       | |  2.3
Dodging        | |  1.3

Action                   || total
-------------------------++-------
Melee: Dagger            ||    18
Throw: Dart              ||     4
 Stab: Sleeping          ||     5
Armor: Robe              ||     1
Dodge: Dodged            ||     6
